Map: [ESL] Radhuset Station

Players

ONSYDERyung (Ryung) - Winner!

  • Race: Terran Terran
  • Spawn Location: 7:00

LiquidMaNa (MaNa)

  • Race: Protoss Protoss
  • Spawn Location: 1:00

Event: IEM Katowice 2024

VOD

Have the link to the VOD?

Description

Time

  • Played on: Dec. 5, 2023, 4:53 a.m.
  • Length: 10:12

All games in this series

Show
View Real Time Build Order
Export as new Build Order

ONSYDERyung Terran - Winner!

Build Orders: Reaper Expand 

Get SALT Encoding   

  12  0:00  SCV  
  13  0:12  SCV  
  14  0:17  Supply Depot  
  14  0:24  SCV  
  15  0:39  SCV  
  15  0:40  Barracks  
  16  0:43  Refinery  
  16  0:51  SCV  
  17  1:03  SCV  
  18  1:15  SCV  
  19  1:27  Orbital Command, Reaper  
  20  1:45  Command Center  
  20  1:53  SCV  
  21  1:59  Supply Depot  
  21  2:02  Marine  
  21  2:05  SCV  
  23  2:12  Factory  
  23  2:20  SCV  
  24  2:24  Barracks Reactor  
  24  2:27  Bunker  
  24  2:29  Refinery  
  24  2:32  SCV  
  25  2:45  SCV  
  26  2:57  Hellion, SCV, Starport  
  29  3:01  Marine x2  
  31  3:06  Orbital Command  
  31  3:09  SCV  
  32  3:19  Marine, Widow Mine  
  35  3:20  Marine  
  35  3:21  SCV  
  37  3:31  Supply Depot  
  37  3:33  SCV x2  
  39  3:35  Medivac  
  39  3:40  Widow Mine  
  43  3:45  SCV x2  
  43  3:48  Marine  
  46  3:52  Marine  
  47  4:02  SCV x2  
  49  4:03  Supply Depot  
  49  4:04  Factory Tech Lab  
  49  4:06  Starport Tech Lab  
  49  4:08  Marine  
  50  4:10  Marine  
  50  4:15  SCV x2  
  53  4:20  Supply Depot  
  52  4:25  Siege Tank  
  52  4:27  Raven  
  52  4:28  Supply Depot  
  52  4:29  Refinery  
  57  4:32  SCV x2  
  57  4:33  Barracks  
  57  4:46  SCV x2  
  57  4:50  Marine x2  
  61  4:57  Siege Tank  
  61  4:58  SCV  
  61  4:59  Supply Depot  
  63  5:02  Barracks  
  63  5:07  Marine  
  63  5:08  Marine  
  63  5:11  SCV x2, Engineering Bay  
  67  5:23  SCV x2  
  67  5:24  Supply Depot  
  67  5:25  Starport Reactor, Supply Depot  
  67  5:28  Stimpack  
  69  5:30  Marine x3  
  69  5:35  SCV x2  
  73  5:37  Terran Infantry Weapons Level 1  
  74  5:48  Factory Reactor, Refinery  
  74  5:49  Supply Depot  
  74  5:52  Command Center  
  74  5:57  Combat Shield  
  74  5:58  SCV x2  
  74  6:01  Marauder  
  74  6:02  Marine x2, Marauder  
  82  6:11  Medivac  
  82  6:12  Medivac  
  82  6:14  Supply Depot, SCV x2  
  88  6:23  Barracks x2  
  92  6:25  Marauder  
  92  6:26  Marauder  
  92  6:27  Marine  
  92  6:30  Marine  
  92  6:32  SCV x2  
  96  6:34  Widow Mine  
  96  6:35  Widow Mine  
  96  6:39  Supply Depot  
  100  6:43  Medivac  
  100  6:44  Medivac  
  104  6:48  Marauder  
  104  6:49  Marauder  
  104  6:50  Marine  
  104  6:51  Marine  
  110  7:04  Widow Mine x2  
  110  7:05  SCV x2  
  110  7:07  Orbital Command  
  116  7:09  Marine  
  117  7:17  Barracks Tech Lab, Marauder x2  
  117  7:20  Medivac  
  123  7:23  SCV x2  
  123  7:25  Missile Turret  
  123  7:27  Supply Depot  
  123  7:29  Barracks Reactor  
  125  7:30  Medivac  
  125  7:32  Terran Infantry Armor Level 1  
  125  7:35  SCV x2  
  129  7:38  Widow Mine x2  
  129  7:42  Concussive Shells  
  133  7:45  Orbital Command  
  133  7:48  Supply Depot  
  132  7:53  Marine  
  132  7:54  Marine, Marauder x3  
  139  8:00  SCV x2  
  140  8:12  SCV x2, Marine x2  
  141  8:15  Marauder x2  
  141  8:16  Viking  
  141  8:18  SCV  
  148  8:24  SCV x2  
  150  8:27  Engineering Bay  
  150  8:28  Armory  
  150  8:31  Marauder, Marine x4  
  156  8:34  Supply Depot  
  156  8:40  Supply Depot x2  
  152  8:51  SCV x2  
  152  8:52  SCV, Refinery x2  
  152  8:54  Ghost Academy  
  155  8:59  Marine x3, Marauder x3  
  163  9:12  Marine  
  164  9:17  SCV x2, Marine  
  164  9:18  SCV  
  164  9:20  Marauder x2  
  164  9:21  Marauder  
  174  9:25  Supply Depot  
  174  9:28  Supply Depot  
  174  9:41  Barracks  
  174  9:42  Barracks, Ghost x3  
  174  9:44  Barracks  
  180  9:46  Command Center  
  172  10:11  Supply Depot  
Show
View Real Time Build Order
Export as new Build Order

LiquidMaNa Protoss 

Build Orders: 1 Gate Expand, Blink Stalkers 

Get SALT Encoding   

  12  0:00  Probe  
  13  0:12  Probe  
  14  0:17  Pylon  
  14  0:24  Probe (Chrono Boost)  
  15  0:36  Gateway, Probe (Chrono Boost)  
  16  0:45  Probe (Chrono Boost)  
  16  0:48  Assimilator  
  17  0:51  Probe  
  18  1:03  Probe (Chrono Boost)  
  19  1:12  Probe (Chrono Boost)  
  19  1:17  Probe (Chrono Boost)  
  20  1:23  Cybernetics Core  
  21  1:37  Nexus  
  21  1:44  Pylon  
  21  1:47  Probe  
  21  1:53  Assimilator  
  22  1:59  Probe  
  18  2:01  Warp Gate  
  23  2:03  Adept (Chrono Boost)  
  25  2:11  Probe  
  26  2:22  Twilight Council  
  26  2:23  Probe  
  26  2:29  Adept  
  29  2:35  Probe  
  30  2:48  Probe  
  31  2:53  Probe  
  31  2:55  Blink (Chrono Boost)  
  32  3:00  Probe  
  32  3:05  Probe  
  34  3:07  Gateway  
  34  3:12  Probe  
  35  3:13  Stalker  
  35  3:17  Probe  
  38  3:24  Probe  
  39  3:28  Robotics Facility  
  39  3:29  Probe  
  40  3:36  Probe  
  40  3:39  Pylon  
  41  3:41  Probe  
  41  3:48  Probe  
  43  3:53  Probe  
  43  3:54  Stalker  
  46  4:00  Probe  
  46  4:02  Sentry  
  47  4:05  Probe  
  48  4:12  Probe  
  48  4:17  Probe  
  48  4:19  Observer (Chrono Boost)  
  50  4:24  Probe  
  50  4:27  Stalker  
  50  4:29  Probe  
  50  4:30  Pylon  
  54  4:33  Observer  
  54  4:34  Pylon  
  54  4:48  Probe x2  
  54  4:52  Stalker x2  
  57  4:58  Nexus  
  59  5:00  Probe x2  
  59  5:03  Warp Prism (Chrono Boost)  
  63  5:09  Charge  
  63  5:12  Probe x2 (Chrono Boost)  
  65  5:19  Forge  
  65  5:23  Gateway  
  65  5:24  Probe x2 (Chrono Boost)  
  67  5:28  Probe (Chrono Boost)  
  67  5:29  Probe (Chrono Boost)  
  67  5:30  Gateway  
  67  5:34  Observer, Pylon  
  70  5:38  Gateway  
  70  5:42  Gateway  
  70  5:45  Assimilator, Protoss Ground Armor Level 1 (Chrono Boost)  
  70  5:49  Gateway  
  70  5:55  Gateway  
  70  6:00  Observer  
  70  6:01  Zealot  
  70  6:02  Zealot  
  70  6:03  Probe  
  76  6:06  Probe  
  76  6:10  Probe  
  78  6:15  Probe  
  78  6:17  Pylon  
  78  6:18  Probe  
  80  6:19  Stalker  
  80  6:22  Probe  
  83  6:27  Probe  
  83  6:30  Probe  
  85  6:33  Templar Archives  
  85  6:34  Zealot x2, Probe  
  85  6:39  Probe  
  91  6:41  Observer  
  91  6:42  Probe  
  91  6:43  Pylon  
  91  6:44  Pylon  
  91  6:46  Probe  
  93  6:52  Probe  
  94  6:54  Probe  
  94  6:59  Psionic Storm, Probe  
  96  7:04  Probe  
  96  7:05  Zealot x8  
  96  7:06  Probe  
  113  7:10  Observer  
  113  7:15  Shield Battery  
  113  7:17  Shield Battery  
  113  7:25  Pylon x2  
  113  7:26  High Templar x2  
  117  7:33  Nexus  
  117  7:35  Protoss Ground Weapons Level 1  
  117  7:36  Pylon  
  117  7:41  Assimilator  
  117  7:45  Pylon, Probe x2  
  117  7:50  Zealot x4  
  127  7:56  Probe  
  123  8:16  Probe x2  
  123  8:18  Probe  
  123  8:19  Warp Prism (Chrono Boost)  
  122  8:22  Forge  
  122  8:23  Robotics Facility, Robotics Bay  
  122  8:25  Photon Cannon  
  122  8:26  Stalker  
  122  8:27  Photon Cannon, Stalker x3  
  120  8:28  Probe  
  123  8:41  Photon Cannon  
  123  8:42  High Templar  
  123  8:44  Probe  
  123  8:47  Warp Prism  
  123  8:48  Photon Cannon x2  
  128  8:55  Probe  
  128  9:00  Pylon  
  129  9:02  Photon Cannon  
  129  9:03  Shield Battery  
  129  9:09  Zealot x7  
  122  9:17  High Templar  
  122  9:18  Probe x2  
  123  9:48  Zealot x7  
  119  9:57  Zealot  

Tags
 
Add a new tag
Caveats
  • Supply blocks, unpowered buildings, or Contaminate may cause inaccurate times.
  • Supply counts are checked every 10 seconds.